Map: [ESL] Site Delta

Players

GunGFuBanDa

  • Race: Protoss Protoss
  • Spawn Location: 11:00

Spirit - Winner!

  • Race: Terran Terran
  • Spawn Location: 5:00

Event: ESL SC2 Masters 2024 Spring (Regional)

VOD

Have the link to the VOD?

Description

Time

  • Played on: April 26, 2024, 11:31 a.m.
  • Length: 11:20

All games in this series

Show
View Real Time Build Order
Export as new Build Order

GunGFuBanDa Protoss 

Build Orders: Blink Stalkers, Colossus Rush 

Get SALT Encoding   

  12  0:00  Probe  
  13  0:12  Probe  
  14  0:17  Pylon  
  14  0:24  Probe (Chrono Boost)  
  16  0:36  Probe (Chrono Boost), Gateway  
  16  0:42  Probe (Chrono Boost)  
  16  0:45  Assimilator  
  17  0:51  Probe  
  18  1:03  Probe  
  19  1:15  Probe  
  20  1:18  Pylon  
  20  1:24  Zealot  
  20  1:25  Cybernetics Core  
  22  1:27  Probe  
  23  1:36  Assimilator  
  23  1:39  Probe  
  24  1:51  Probe (Chrono Boost)  
  25  2:01  Warp Gate  
  26  2:03  Stalker, Probe (Chrono Boost)  
  26  2:08  Probe (Chrono Boost)  
  28  2:13  Pylon  
  28  2:32  Probe  
  28  2:33  Stalker  
  31  2:43  Nexus  
  31  2:50  Probe  
  32  2:54  Twilight Council  
  32  3:02  Probe (Chrono Boost)  
  32  3:03  Stalker  
  35  3:12  Probe (Chrono Boost)  
  36  3:13  Pylon  
  36  3:19  Probe  
  37  3:27  Gateway  
  37  3:32  Blink  
  37  3:33  Probe (Chrono Boost)  
  38  3:46  Probe (Chrono Boost)  
  40  3:55  Sentry, Probe (Chrono Boost)  
  40  3:57  Probe (Chrono Boost)  
  40  3:59  Robotics Facility  
  43  4:06  Probe (Chrono Boost)  
  43  4:07  Probe (Chrono Boost)  
  45  4:11  Probe (Chrono Boost)  
  47  4:20  Probe (Chrono Boost)  
  47  4:23  Probe (Chrono Boost)  
  48  4:24  Stalker  
  48  4:25  Assimilator  
  48  4:26  Assimilator  
  48  4:27  Stalker  
  48  4:30  Probe (Chrono Boost)  
  54  4:31  Probe (Chrono Boost)  
  54  4:36  Pylon  
  54  4:45  Observer  
  54  4:47  Probe  
  54  4:49  Probe  
  57  4:55  Robotics Bay  
  57  4:59  Probe  
  58  5:00  Shield Battery  
  58  5:01  Pylon, Probe  
  58  5:04  Observer  
  55  5:11  Probe (Chrono Boost)  
  57  5:15  Probe (Chrono Boost)  
  57  5:24  Probe (Chrono Boost)  
  59  5:30  Probe (Chrono Boost)  
  59  5:31  Stalker, Probe (Chrono Boost)  
  62  5:39  Colossus (Chrono Boost)  
  62  5:40  Probe  
  63  5:47  Pylon  
  69  5:51  Nexus  
  69  5:58  Extended Thermal Lance  
  69  5:59  Probe x2  
  71  6:12  Charge, Shield Battery  
  71  6:13  Gateway  
  71  6:16  Gateway  
  71  6:17  Probe x2  
  73  6:25  Colossus (Chrono Boost)  
  79  6:34  Sentry, Stalker  
  83  6:45  Pylon  
  81  6:58  Pylon  
  81  7:03  Probe, Colossus (Chrono Boost)  
  81  7:04  Probe x2  
  90  7:10  Stalker x3  
  90  7:14  Forge  
  96  7:16  Probe x2  
  96  7:17  Probe  
  91  7:32  Zealot  
  91  7:35  Zealot x3  
  93  7:37  Observer  
  93  7:42  Gateway  
  93  7:46  Protoss Ground Weapons Level 1  
  93  7:49  Shield Battery  
  93  7:50  Immortal  
  97  7:53  Zealot  
  99  8:00  Zealot  
  99  8:03  Pylon x2  
  101  8:17  Zealot x2  
  101  8:19  Observer  
  101  8:27  Pylon  
  101  8:28  Nexus  
  101  8:29  Pylon  
  95  8:38  Colossus (Chrono Boost)  
  95  8:44  Zealot, Sentry  
  95  8:48  Probe (Chrono Boost)  
  99  8:52  Probe (Chrono Boost)  
  99  8:55  Pylon  
  99  8:59  Probe (Chrono Boost)  
  101  9:03  Probe (Chrono Boost)  
  101  9:07  Sentry  
  101  9:08  Sentry x3  
  109  9:16  Probe  
  110  9:20  Probe  
  110  9:22  Warp Prism (Chrono Boost)  
  109  9:28  Probe  
  109  9:30  Robotics Facility  
  110  9:34  Probe  
  111  9:39  Shield Battery  
  111  9:44  Probe  
  112  9:51  Stalker x3  
  112  9:52  Stalker, Probe  
  121  9:53  Probe  
  122  10:05  Disruptor (Chrono Boost)  
  126  10:08  Pylon  
  126  10:21  Zealot x5  
  130  10:45  Zealot  
  130  10:46  Zealot x4, Probe  
  122  10:54  Nexus  
  110  11:09  Zealot x2  
Show
View Real Time Build Order
Export as new Build Order

Spirit Terran - Winner!

Build Orders: Reaper Expand 

Get SALT Encoding   

  12  0:00  SCV  
  13  0:12  SCV  
  14  0:17  Supply Depot  
  14  0:24  SCV  
  15  0:38  SCV  
  15  0:40  Barracks  
  16  0:46  Refinery  
  16  0:51  SCV  
  17  1:03  SCV  
  18  1:06  Engineering Bay  
  18  1:15  SCV  
  19  1:29  Orbital Command  
  19  1:30  Reaper  
  20  1:55  SCV  
  20  1:59  Command Center  
  21  2:04  Marine  
  22  2:08  Supply Depot  
  22  2:11  SCV  
  23  2:18  Bunker  
  23  2:28  Factory  
  23  2:30  SCV, Refinery  
  23  2:32  Barracks Reactor  
  24  2:42  SCV  
  25  2:54  SCV  
  26  3:01  Barracks  
  26  3:06  SCV  
  26  3:11  Orbital Command  
  26  3:12  Starport  
  27  3:15  Widow Mine  
  27  3:16  Marine x2  
  31  3:24  SCV  
  32  3:34  Marine x2  
  32  3:36  SCV  
  32  3:37  SCV  
  32  3:39  Supply Depot  
  36  3:42  Widow Mine  
  36  3:48  SCV, Medivac  
  39  3:49  Barracks Tech Lab  
  39  3:50  SCV  
  42  3:56  Marine  
  42  4:00  SCV  
  42  4:02  SCV, Barracks  
  45  4:07  Engineering Bay  
  45  4:12  SCV, Factory Tech Lab  
  47  4:17  SCV  
  47  4:22  Starport Tech Lab  
  47  4:23  Supply Depot, Marine  
  48  4:24  Marine  
  48  4:27  Marine  
  48  4:28  SCV  
  48  4:29  SCV  
  52  4:32  Refinery  
  52  4:38  Supply Depot  
  52  4:40  SCV  
  52  4:44  SCV  
  52  4:45  Siege Tank, Interference Matrix, Raven  
  59  4:52  SCV  
  59  4:54  Supply Depot  
  59  4:56  SCV  
  59  4:57  Barracks Tech Lab  
  59  4:59  Marine x2  
  62  5:04  SCV  
  62  5:06  Marine  
  64  5:08  SCV  
  64  5:11  Stimpack, Refinery  
  65  5:16  SCV, Marine  
  65  5:17  Marine  
  65  5:20  SCV  
  65  5:21  Supply Depot  
  67  5:24  Siege Tank, Marine  
  67  5:27  Combat Shield  
  71  5:28  SCV  
  71  5:30  Marine  
  71  5:32  SCV  
  71  5:34  Marine  
  75  5:38  Marine  
  75  5:40  Supply Depot  
  75  5:42  Terran Infantry Weapons Level 1  
  76  5:43  SCV  
  76  5:44  Supply Depot  
  76  5:48  Marauder x2  
  81  5:52  SCV  
  81  5:55  Starport Reactor  
  82  5:57  Missile Turret  
  82  5:59  Marine x2  
  82  6:02  Siege Tank  
  86  6:05  Supply Depot  
  86  6:07  Supply Depot  
  86  6:09  SCV, Marauder  
  89  6:16  Marauder  
  89  6:17  Marine x2  
  93  6:23  Command Center  
  93  6:29  SCV x2  
  93  6:31  Medivac x2  
  99  6:34  Supply Depot  
  99  6:35  Marauder  
  99  6:36  Marine  
  102  6:46  SCV  
  103  6:48  Marauder  
  103  6:49  SCV, Marine  
  103  6:50  Barracks  
  103  6:52  Barracks  
  107  6:55  Marine  
  107  6:56  Marauder  
  107  7:00  SCV  
  107  7:01  Supply Depot x2  
  111  7:07  Medivac x2  
  114  7:09  Marauder, Marine  
  114  7:12  SCV  
  118  7:21  SCV  
  116  7:24  Marine  
  116  7:25  SCV  
  110  7:31  Marauder x2, Marine  
  110  7:33  SCV  
  117  7:37  SCV, Medivac x2  
  117  7:41  Marine  
  117  7:43  Barracks Tech Lab  
  122  7:45  SCV  
  122  7:49  SCV  
  123  7:56  Marine  
  123  7:57  Marauder  
  123  7:58  SCV  
  123  8:00  Concussive Shells  
  123  8:01  SCV  
  123  8:02  Orbital Command  
  124  8:07  Medivac x2  
  124  8:09  Marauder, Marine  
  124  8:10  SCV  
  124  8:11  Marine  
  133  8:13  SCV  
  133  8:18  Marine  
  133  8:19  Marauder  
  137  8:21  Marine  
  137  8:22  SCV  
  137  8:25  SCV  
  137  8:26  Marine  
  141  8:29  Marine  
  136  8:34  SCV  
  136  8:36  Marine, Marauder  
  136  8:37  SCV, Medivac  
  136  8:39  Ghost Academy, Marauder  
  136  8:40  Marine  
  143  8:44  Marine  
  143  8:45  Sensor Tower  
  143  8:46  SCV, Terran Infantry Armor Level 1, Marine  
  146  8:49  SCV, Missile Turret  
  146  8:54  Marine  
  146  8:55  Refinery x2  
  146  8:57  Marine, Marauder  
  146  9:00  Marauder  
  146  9:01  Supply Depot  
  146  9:02  Supply Depot, Marine  
  152  9:12  Ghost  
  152  9:15  Ghost  
  155  9:18  Ghost  
  155  9:21  Ghost  
  159  9:31  Widow Mine  
  159  9:34  Command Center  
  159  9:37  Supply Depot  
  159  9:40  Armory  
  159  9:41  Supply Depot, Ghost  
  159  9:42  Engineering Bay  
  159  9:43  Ghost, Marine  
  164  9:49  Ghost  
  164  9:52  Supply Depot  
  170  9:53  Widow Mine, Viking  
  170  9:57  Marauder  
  172  10:01  Marine  
  172  10:10  Marauder  
  175  10:14  Marauder  
  175  10:15  Barracks  
  175  10:16  Barracks  
  175  10:17  Barracks  
  175  10:18  Marauder  
  177  10:23  Marauder, Marine  
  177  10:24  Marine  
  180  10:31  Marauder  
  180  10:35  Marine  
  167  10:39  Marine  
  167  10:41  Marine  
  167  10:42  Marine  
  165  10:45  Marauder  
  165  10:49  SCV  
  153  10:53  Marauder x2  
  153  10:55  SCV  
  152  10:57  Marine  
  152  10:58  SCV  
  152  10:59  Marine x2  
Tags
 
Add a new tag
Caveats
  • Supply blocks, unpowered buildings, or Contaminate may cause inaccurate times.
  • Supply counts are checked every 10 seconds.